AoeStats
← ForWorldPeace

Nomad

508390218Analyzed
3v3 RM · 10d ago on Sep 22, 2026· 44m 0s· 6 players
Game mode
Random Map
Map size
210×210
Population
200
Speed
Normal
Resources
Standard
Victory
Conquest
Starting age
Dark Age
Ending age
Imperial Age
RankedLock teamsTeams togetherTeam positionsShared explorationLock speedFull tech treeHidden civsTurbo modeCheats
Victory
Defeat
🇩🇰 Turks · Denmark
853
+17
🇨🇭 Chinese · Switzerland
853
+17
🇦🇹 Japanese · Austria
840
+17
🇲🇽 Khitans · Mexico
891
-18
🇨🇳 Burmese · China
889
-18
🇷🇺 Ethiopians · Russia
821
-15
kakao_
3:37 Loom
17:45 Feudal Age
20:05 Double-Bit Axe
21:25 Fishing Lines
22:08 Fletching
23:31 Wheelbarrow
25:04 Castle Age
23:03 Stone Mining
24:55 Gold Mining
24:49 Horse Collar
26:55 Bodkin Arrow
27:21 Gillnets
28:16 Wheelbarrow
27:45 Town Watch
28:04 Scale Mail Armor
32:07 Padded Archer Armor
35:32 Chain Mail Armor
36:36 Forging
38:45 Iron Casting
38:10 Murder Holes
37:57 Treadmill Crane
39:55 Hand Cart
39:54 Bow Saw
41:19 Yasama
42:13 Town Patrol
47:04 Imperial Age
Bako
15:56 Feudal Age
20:26 Castle Age
19:10 Fishing Lines
19:20 Double-Bit Axe
25:19 Bow Saw
39:29 Imperial Age
40:17 Fletching
40:27 Padded Archer Armor
41:46 Capped Ram
MV
4:16 Loom
14:30 Feudal Age
14:58 Double-Bit Axe
15:56 Wheelbarrow
22:59 Castle Age
21:52 Horse Collar
23:39 Forging
26:29 Hand Cart
26:34 Stone Mining
27:11 Town Watch
28:39 Heavy Plow
30:34 Scale Barding Armor
31:02 Fletching
39:11 Padded Archer Armor
39:06 Bodkin Arrow
vl TWN lv
4:17 Loom
6:48 Loom
14:34 Feudal Age
16:02 Double-Bit Axe
16:01 Domestication
18:30 Gold Mining
20:28 Scale Barding Armor
20:33 Forging
26:21 Castle Age
27:54 Wheelbarrow
27:44 Gambesons
27:59 Squires
27:45 Arson
27:24 Pikeman
30:58 Fletching
31:27 Pastoralism
31:41 Bow Saw
32:18 Iron Casting
31:45 Scale Mail Armor
34:07 Chain Mail Armor
ForWorldPeace
6:29 Loom
19:23 Feudal Age
20:35 Double-Bit Axe
20:33 Fishing Lines
20:53 Gold Mining
23:07 Wheelbarrow
22:25 Stone Mining
27:31 Castle Age
小笼包的诺姆
4:36 Loom
14:38 Feudal Age
15:44 Man-at-Arms
18:00 Town Watch
18:25 Scale Mail Armor
18:36 Forging
19:05 Fletching
25:13 Castle Age
26:23 Wheelbarrow
26:59 Gold Mining
36:11 Hand Cart
36:38 Gold Shaft Mining
40:25 Imperial Age
40:29 Bodkin Arrow
40:35 Padded Archer Armor
Connection lost

Rejoining the realm…

Still unreachable

The connection could not be restored.

Session expired

The server has moved on; the page needs a fresh start.